[Event "Late-Titled-Tuesday-Blitz-February-13-2024"]
[Site "Chess.com"]
[Date "2024.02.13"]
[Round "1"]
[White "KuzubovYuriy"]
[Black "maicolbenavides"]
[Result "1-0"]
[WhiteElo "2976"]
[BlackElo "2506"]
[TimeControl "180+1"]
[EndTime "14:07:43 PST"]
[Termination "KuzubovYuriy won by resignation"]

1. d4 Nf6 2. Nf3 g6 3. Nbd2 d5 4. b4 Bg7 5. e3 O-O 6. c4 a5 7. b5 dxc4 8. Bxc4 c6 9. O-O cxb5 10.
Bxb5 Nc6 11. Ba3 Bd7 12. Rb1 Rc8 13. Qa4 Bf5 14. Rbc1 Ne4 15. Bxc6 bxc6 16. Nxe4 Bxe4 17. Nd2 Bd3 18. Rfd1 Bb5 19. Qc2 Re8 20. Nf3 Qb6 21. Bc5 Qb8 22. a4 Ba6 23. Rb1 Qa8 24. h3 h6 25. Rb6 Rb8 26. Rdb1 Rxb6 27. Rxb6 Bc8 28.
Ne5 Bxe5 29. dxe5 Be6 30. Qc3 Qd8 31. Kh2 Qd1 32. Qxa5 Qe2 33. f3 Rd8 34. Rb2 Qd1 35.
Bxe7 Re8 36. Bc5 Bd5 37. e4 Qc1 38. Qb4 Be6 39. Rd2 Ra8 40. a5 Qa1 41. Rd4 Qxa5 42. Qxa5 Rxa5 43. Rd8+ Kh7 44. Be7 g5 45. Bf6 c5 46. h4 gxh4 47. Bxh4 c4 48. Bf6 c3 49. Rh8+ Kg6 50. Rg8+ Kh7 51. Rg7+ Kh8 52. Rxf7+ Kg8 53.
Rg7+ Kf8 54. Rc7 Ra3 55. Be7+ 1-0

[Event "Late-Titled-Tuesday-Blitz-February-13-2024"]
[Site "Chess.com"]
[Date "2024.02.13"]
[Round "1"]
[White "yaguigor"]
[Black "gunslinger222"]
[Result "1-0"]
[WhiteElo "2619"]
[BlackElo "2266"]
[TimeControl "180+1"]
[EndTime "14:07:45 PST"]
[Termination "yaguigor won by resignation"]

1. e4 d5 2. exd5 Qxd5 3. Nc3 Qa5 4. d4 Nf6 5. Nf3 Bf5 6. Bc4 e6 7. Bd2 Bb4 8. a3 Bxc3 9. Bxc3 Qb6 10. O-O O-O 11. Ne5 Nbd7 12. Nxd7 Nxd7 13. d5 exd5 14. Qxd5 Be6 15. Qg5 f6 16. Qg4 Bxc4 17. Qxc4+ Kh8 18.
Rfe1 Ne5 19. Qe4 Rad8 20. h3 Nf7 21. Rad1 Nd6 22. Qf4 Qc6 23. Re7 Rde8 24. Ree1 b6 25. h4 a5 26. h5 Nb5 27. Rxe8 Rxe8 28. h6 Nxc3 29. hxg7+ Kxg7 30. bxc3 Re7 31. Rd3 Kf7 32. Qh6 Ke8 33. Qh5+ Kf8 34. Rd8+ Re8 35. Rd3 Re1+ 36. Kh2 Re8 37. Qh6+ Kg8 38. Rg3+ Kf7 39. Qxh7+ Ke6 40. Re3+ Kd5 41. Qf5+ Kc4 42. Qd3+ Kc5 43. a4 Qd6+ 44.
Qxd6+ cxd6 45. Rxe8 1-0

[Event "Late-Titled-Tuesday-Blitz-February-13-2024"]
[Site "Chess.com"]
[Date "2024.02.13"]
[Round "1"]
[White "DeGrootteZ"]
[Black "ACollins05"]
[Result "0-1"]
[WhiteElo "2821"]
[BlackElo "2454"]
[TimeControl "180+1"]
[EndTime "14:07:46 PST"]
[Termination "ACollins05 won on time"]

1. e4 c5 2. Nf3 d6 3. d4 cxd4 4. Nxd4 Nf6 5. Nc3 Nc6 6. Bg5 e6 7. Qd2 a6 8. O-O-O Bd7 9. Nxc6 Bxc6 10. f3 Be7 11. Kb1 O-O 12. h4 b5 13. Ne2 a5 14.
Nd4 Qb6 15. h5 h6 16. Be3 Qb7 17. g4 d5 18. e5 Nd7 19. f4 b4 20. Rg1 a4 21. g5 hxg5 22. f5 b3 23. Bxg5 Rfb8 24. axb3 axb3 25. Bxe7 bxc2+ 26. Qxc2 Qa7 27. Kc1 Ba4 28.
Rxg7+ Kxg7 29. Qg2+ Kh7 30. Bd3 Qc7+ 31. Kd2 Rxb2+ 32. Nc2 Rxc2+ 33. Ke3 Rxg2 34. fxe6+ Kh6 35.
exf7 Qc5+ 36. Bxc5 Nxc5 37. Rf1 Rg3+ 38. Kd4 Rxd3+ 39.
Kxc5 Rc3+ 40. Kd6 Rcc8 41. e6 Rd8+ 42. Ke5 Rf8 43. e7 Bb5 44. Rf6+ Kg7 0-1

[Event "Late-Titled-Tuesday-Blitz-February-13-2024"]
[Site "Chess.com"]
[Date "2024.02.13"]
[Round "1"]
[White "Zapateado"]
[Black "ChessQueen"]
[Result "0-1"]
[WhiteElo "2353"]
[BlackElo "2688"]
[TimeControl "180+1"]
[EndTime "14:07:48 PST"]
[Termination "ChessQueen won by resignation"]

1. c4 f5 2. Nc3 Nf6 3. g3 g6 4. Bg2 Bg7 5. d3 e5 6. e4 fxe4 7. dxe4 Nc6 8. Nge2 d6 9. O-O Be6 10. Nd5 O-O 11. h3 Qd7 12. Kh2 Ne7 13. f4 c6 14. fxe5 dxe5 15. Nxf6+ Bxf6 16. Qxd7 Bxd7 17. Bh6 Bg7 18. Bg5 Rae8 19. Rad1 Be6 20. b3 Rxf1 21.
Bxf1 h6 22. Be3 Nc8 23. Nc3 g5 24. Be2 Bf6 25. Na4 b6 26. Nb2 Rd8 27. Rf1 Kg7 28.
Nd3 Nd6 29. Nf2 Nf7 30. Bg4 Bxg4 31. Nxg4 Be7 32. Rf5 Rd1 33. Nxe5 Nd6 34. Rf2 Bf6 35. Nxc6 Nxe4 36. Re2 Nc3 37. Rd2 Re1 38. Bd4 Ne4 39. Bxf6+ Kxf6 40. Rg2 a5 41. a3 Re3 42. b4 Rxa3 43. bxa5 bxa5 44. Nd4 Ke5 45. Nf3+ Rxf3 46. Ra2 Rf2+ 47. Rxf2 Nxf2 48. Kg2 a4 49. Kf3 a3 50.
Kxf2 a2 51. Kf3 a1=Q 0-1

[Event "Late-Titled-Tuesday-Blitz-February-13-2024"]
[Site "Chess.com"]
[Date "2024.02.13"]
[Round "1"]
[White "a-z30"]
[Black "tteshan"]
[Result "0-1"]
[WhiteElo "2309"]
[BlackElo "2656"]
[TimeControl "180+1"]
[EndTime "14:07:48 PST"]
[Termination "tteshan won by resignation"]

1. d3 g6 2. Nf3 Bg7 3. g3 c5 4. Bg2 Nc6 5. O-O e5 6. c4 Nge7 7. Nc3 O-O 8. Rb1 d6 9. b3 Be6 10. Bb2 d5 11. cxd5 Nxd5 12. Ne4 b6 13. a3 Rc8 14. e3 h6 15. Ned2 Qd7 16. Nc4 Qc7 17. Qe2 Rfd8 18. Rbc1 Kh7 19. Rfd1 Nde7 20. b4 cxb4 21.
axb4 b5 22. Ncxe5 Qd6 23. Nxc6 Nxc6 24. Bxg7 Kxg7 25. Qb2+ Kg8 26. Rc5 Nxb4 27. Rxb5 Nxd3 28. Qf6 Bc4 29. Qxd6 Rxd6 30. Rbb1 Rb6 31. Nd4 Rcb8 32. Rxb6 axb6 33. Bf1 Nb2 34. Rb1 Bxf1 35. Kxf1 Nd3 36. Nb5 Nc5 37. Ke2 Kf8 38. f3 Ke7 39. e4 Ra8 40.
Rb2 Kd7 41. Nc3 Kc6 42. Nd5 b5 43. Ne7+ Kd6 44. Rxb5 Ra2+ 45. Ke3 Ra3+ 46. Ke2 Ne6 47. Rb7 Nd4+ 48. Ke1 Nxf3+ 49. Kf2 Nxh2 50. Nd5 Ng4+ 51.
Kg2 Ne5 52. Rb6+ Kc5 53. Nf4 Kxb6 54. Nd5+ Kc5 0-1

[Event "Late-Titled-Tuesday-Blitz-February-13-2024"]
[Site "Chess.com"]
[Date "2024.02.13"]
[Round "1"]
[White "youngdinousaur"]
[Black "LLRChess"]
[Result "0-1"]
[WhiteElo "2250"]
[BlackElo "2590"]
[TimeControl "180+1"]
[EndTime "14:07:48 PST"]
[Termination "LLRChess won by resignation"]

1. d4 f5 2. Bg5 h6 3. Bh4 g6 4. e3 Bg7 5. c4 Nf6 6. Nc3 d6 7. Bd3 e5 8. dxe5 dxe5 9. Bg3 Nc6 10. Bc2 Be6 11. b3 O-O 12. Nge2 Nh5 13. Qxd8 Raxd8 14. Rd1 Rxd1+ 15. Nxd1 g5 16. f4 gxf4 17. exf4 e4 18.
Bf2 Rd8 19. h3 Nf6 20. Rg1 Nb4 21. Bb1 a5 22. Bd4 a4 23. Bc3 Nd3+ 24. Bxd3 Rxd3 25.
Nc1 Rd8 26. Ne3 axb3 27. axb3 Kf7 28. g4 Nxg4 29. hxg4 Bxc3+ 30. Ke2 Rd2+ 31. Kf1 Bd4 32. gxf5 Bxf5 33. Rg3 Bxe3 34. Rxe3 Rd1+ 35. Re1 Rxe1+ 36. Kxe1 Kg6 37. Kf2 Kf6 38. Ke3 h5 39. Ne2 h4 40.
Kd4 h3 41. Ng3 h2 42. b4 Ke6 43. c5 Bh3 44. Kxe4 Bg2+ 45. Kd4 c6 46. Kc4 h1=Q 47.
Nxh1 Bxh1 48. b5 Kf5 49. bxc6 Bxc6 50. Kb4 Kxf4 51. Ka5 Ke4 52. Kb6 Kd4 0-1

[Event "Late-Titled-Tuesday-Blitz-February-13-2024"]
[Site "Chess.com"]
[Date "2024.02.13"]
[Round "1"]
[White "BozeKat"]
[Black "pedroholly22"]
[Result "1-0"]
[WhiteElo "2027"]
[BlackElo "2521"]
[TimeControl "180+1"]
[EndTime "14:07:48 PST"]
[Termination "BozeKat won by resignation"]

1. d4 Nf6 2. Bg5 Ne4 3. Bf4 c5 4. f3 Qa5+ 5. c3 Nf6 6. d5 d6 7.
e4 g6 8. Nd2 Bg7 9. Bd3 O-O 10.
Ne2 b5 11. c4 bxc4 12. Bxc4 Nfd7 13. Qc2 Ba6 14. O-O Nb6 15. Bxa6 Nxa6 16. a3 Qa4 17. Rac1 Qxc2 18. Rxc2 Rab8 19. Nc3 Nd7 20. Nc4 Bd4+ 21. Be3 Ne5 22. Bxd4 Nxc4 23. Ne2 cxd4 24. Rxc4 d3 25.
Nf4 d2 26. Rc2 Rfc8 27. Rxd2 Rb3 28. Nd3 Rcb8 29. Rc1 R8b7 30. Rcc2 Kg7 31. Kf2 Nc7 32. Nb4 Nb5 33. Nc6 Nxa3 34. bxa3 Rxa3 35. Ra2 Rbb3 36.
Rxa3 Rxa3 37. Nxe7 a5 38. Nc6 a4 39. Rd4 Ra2+ 40. Kg3 Kf6 41. h4 h5 42. Rb4 a3 43.
Ra4 Ra1 44. Nb4 Ke5 45. Nc2 Rc1 46. Nxa3 Ra1 47. Nc4+ Kd4 48. Rxa1 Kxc4 49. Rc1+ Kd4 50. Rc6 Ke5 51. f4+ Kxe4 52. Rxd6 Kf5 53. Rd8 f6 54. d6 Ke6 55. Kf3 f5 56. Ke3 Kf6 57.
Kd4 Ke6 58. Kc5 g5 59. hxg5 1-0

[Event "Late-Titled-Tuesday-Blitz-February-13-2024"]
[Site "Chess.com"]
[Date "2024.02.13"]
[Round "1"]
[White "klimkoj"]
[Black "vesalhamedinia"]
[Result "1-0"]
[WhiteElo "2919"]
[BlackElo "2487"]
[TimeControl "180+1"]
[EndTime "14:07:50 PST"]
[Termination "klimkoj won by resignation"]

1. c4 e6 2. Nc3 d5 3. d4 Nf6 4. cxd5 exd5 5. Bg5 c6 6. e3 Bf5 7. Qf3 Bg6 8. Bxf6 Qxf6 9. Qxf6 gxf6 10. h4 h5 11. Nh3 Bd6 12. g3 Nd7 13. Kd2 a5 14. Bd3 Nf8 15. Nf4 b5 16. Nce2 a4 17. a3 b4 18.
Rhc1 bxa3 19. bxa3 Kd7 20. Rcb1 Kc7 21. Rc1 Kd7 22. Rc2 Rg8 23. Rb1 Ra7 24. Rc3 Ne6 25. Rb6 Nd8 26. Rb1 Bc7 27. Kd1 Ba5 28. Rc2 Ne6 29.
Rbc1 Rc7 30. Rb2 Ra7 31. Bc2 Bc7 32. Rb4 Bd6 33. Rb6 Bxa3 34. Bxg6 fxg6 35. Rcxc6 Nd8 36. Rc2 Bd6 37. Nxd5 Rf8 38. Nec3 a3 39. Ra2 Nc6 40. Nb5 Ra5 41. Rb7+ Ke6 42. Ndc3 Nd8 43. Nxd6 Kxd6 44. Rb3 Nc6 45. Raxa3 Rfa8 46. Rxa5 Rxa5 47. Rb1 f5 48. Kc2 Ra8 49. Rb6 Rc8 50. d5 Ke5 51. Rxc6 1-0

[Event "Late-Titled-Tuesday-Blitz-February-13-2024"]
[Site "Chess.com"]
[Date "2024.02.13"]
[Round "1"]
[White "KarolKacprzak"]
[Black "laskakid"]
[Result "1-0"]
[WhiteElo "2721"]
[BlackElo "2383"]
[TimeControl "180+1"]
[EndTime "14:07:52 PST"]
[Termination "KarolKacprzak won on time"]

1. e4 e5 2. Nf3 Nc6 3. Bb5 a6 4. Ba4 Nf6 5. O-O d6 6. Re1 Bd7 7. c3 g6 8. d4 Bg7 9. dxe5 Nxe5 10. Nxe5 dxe5 11. Nd2 O-O 12. Nf1 Be6 13. Qe2 Nd7 14. Be3 Qe7 15. Rad1 Rad8 16. Bb3 Rfe8 17. Bd5 c6 18. Bxe6 Qxe6 19. b3 b5 20. h3 Bf8 21.
Nh2 a5 22. Nf3 Nc5 23. Bg5 f6 24. Bc1 a4 25. b4 Nd7 26. Be3 Rb8 27. Qc2 Nb6 28.
Bxb6 Rxb6 29. a3 Rb7 30. Rd3 Qb3 31. Qxb3+ axb3 32. Rb1 Ra7 33. Rxb3 Rea8 34. Rb1 Rxa3 35. Kf1 R8a7 36. Ke2 Kf7 37. Rbd1 Ke6 38. Rd8 Be7 39. R8d3 Rb3 40. Nd2 Rb2 41. h4 Raa2 42. g3 Bf8 43. f3 Bh6 44. Ke1 1-0

[Event "Late-Titled-Tuesday-Blitz-February-13-2024"]
[Site "Chess.com"]
[Date "2024.02.13"]
[Round "1"]
[White "jcmesafischer"]
[Black "Goryachkina"]
[Result "0-1"]
[WhiteElo "2353"]
[BlackElo "2687"]
[TimeControl "180+1"]
[EndTime "14:07:52 PST"]
[Termination "Goryachkina won by resignation"]

1. e4 c5 2. Nc3 e6 3. g3 Nc6 4. Bg2 g6 5. d3 Bg7 6. Be3 d6 7. Nge2 Nge7 8. O-O Nd4 9. f4 O-O 10. Qd2 Rb8 11. Nd1 b5 12. c3 Nxe2+ 13. Qxe2 b4 14.
g4 bxc3 15. bxc3 f5 16. g5 Kh8 17. h4 Ba6 18. Rc1 fxe4 19. Bxe4 d5 20. Bg2 Qd6 21. c4 dxc4 22. dxc4 Nf5 23. Bf2 e5 24. Nc3 exf4 25.
Ne4 Nd4 26. Qg4 Qe5 27. Rfe1 Qc7 28. h5 Bc8 29. Qh4 gxh5 30. Qxh5 Bf5 31. Nc3 Bg6 32. Qh4 Rb2 33. Nd5 Qf7 34. Re7 Qf5 35. Rxg7 Kxg7 36. Qh6+ Kf7 37. Re1 Ne2+ 38. Kf1 f3 39. Bh3 Qd3 40. Nf6 Nf4+ 41. Kg1 Nxh3+ 42. Qxh3 Qf5 43. Qxf5 Bxf5 44. Nd5 Re2 45. Rb1 Bxb1 0-1

[Event "Late-Titled-Tuesday-Blitz-February-13-2024"]
[Site "Chess.com"]
[Date "2024.02.13"]
[Round "1"]
[White "SergioMoralesG"]
[Black "dropstoneDP"]
[Result "0-1"]
[WhiteElo "2512"]
[BlackElo "3046"]
[TimeControl "180+1"]
[EndTime "14:07:55 PST"]
[Termination "dropstoneDP won by resignation"]

1. d4 d5 2. c4 dxc4 3. Nf3 Nf6 4. e3 e6 5. Bxc4 c5 6. O-O Nc6 7. Nc3 a6 8. Qe2 b5 9. Bb3 Bb7 10. Rd1 Be7 11. d5 exd5 12. Nxd5 Nxd5 13. Bxd5 Qc7 14. b3 O-O 15. Bb2 Rad8 16. Rac1 Nb4 17. Bxb7 Qxb7 18.
a3 Nc6 19. Qc2 Rxd1+ 20. Rxd1 Rd8 21. h3 Rd7 22. Rd2 h6 23. Qd1 Rxd2 24. Qxd2 Qc7 25.
Qd5 Qd6 26. e4 Qxd5 27. exd5 Na5 28. Nd2 Bg5 29. Ne4 Nxb3 30. Nxg5 hxg5 31. d6 Na5 32. d7 Nc6 33. Be5 b4 34. axb4 cxb4 35. Kf1 f6 36. Bd6 b3 37. Ba3 Kf7 38. Ke2 Ke6 39.
Kd3 Kxd7 40. Kc4 Ne5+ 41. Kxb3 Nd3 42. Bf8 g6 43. Kc4 Nxf2 44. Kd5 Nd3 45. Bg7 Ke7 46. g3 Kf7 47. Bh6 Ne5 48. h4 Ng4 49. hxg5 Nxh6 50. gxh6 f5 51. Ke5 Kg8 52. Kf6 Kh7 53. Kg5 a5 54. g4 fxg4 55. Kxg4 Kxh6 0-1

[Event "Late-Titled-Tuesday-Blitz-February-13-2024"]
[Site "Chess.com"]
[Date "2024.02.13"]
[Round "1"]
[White "elchacal664"]
[Black "SchmakAttack"]
[Result "0-1"]
[WhiteElo "2413"]
[BlackElo "2781"]
[TimeControl "180+1"]
[EndTime "14:07:55 PST"]
[Termination "SchmakAttack won by resignation"]

1. e4 c5 2. Nf3 d6 3. g3 Nf6 4. d3 Nc6 5. Bg2 g6 6. O-O Bg7 7. Re1 O-O 8. h3 d5 9. exd5 Nxd5 10.
Nbd2 b6 11. Ne4 h6 12. Rb1 Bb7 13. a3 Re8 14. Bd2 e5 15. Qc1 f5 16. Nc3 Nxc3 17. Bxc3 Qd7 18. Kh2 Rad8 19. Nh4 Kh7 20. Nf3 Qc7 21.
Re2 e4 22. dxe4 fxe4 23. Nh4 Nd4 24. Bxd4 Bxd4 25. Qe1 Qf7 26. c3 Bf6 27. Bxe4 Bxe4 28. Rxe4 Bxh4 29. gxh4 Rxe4 30. Qxe4 Qxf2+ 31. Qg2 Qf4+ 32.
Kh1 h5 33. Rg1 Rd6 34. Qg3 Qe4+ 35. Kh2 Rd2+ 36. Rg2 Rxg2+ 37. Qxg2 Qxh4 38. Qb7+ Kh6 39. Qxa7 Qf2+ 40. Kh1 Qxb2 41. a4 Qxc3 42. Qxb6 Qxh3+ 43. Kg1 Qg3+ 44. Kh1 Qh4+ 45. Kg1 Qd4+ 46. Kg2 Qxa4 47.
Qxc5 Qg4+ 48. Kh1 Qh4+ 49. Kg2 Qg5+ 50. Kf3 Qxc5 0-1

[Event "Late-Titled-Tuesday-Blitz-February-13-2024"]
[Site "Chess.com"]
[Date "2024.02.13"]
[Round "1"]
[White "nj123456"]
[Black "Semetey"]
[Result "1-0"]
[WhiteElo "2314"]
[BlackElo "2611"]
[TimeControl "180+1"]
[EndTime "14:07:55 PST"]
[Termination "nj123456 won on time"]

1. e4 c5 2. c3 d5 3. exd5 Qxd5 4. d4 cxd4 5. cxd4 e6 6. Nc3 Bb4 7. Nf3 Nf6 8. Bd3 O-O 9. O-O Qh5 10. Qe2 Nc6 11. a3 Bd6 12. h3 b6 13. Ne4 Nxe4 14. Bxe4 Bb7 15. Rd1 Rfd8 16. Be3 Rac8 17. Rac1 Bb8 18.
Kf1 h6 19. Ng1 Qa5 20. Qf3 Ba6+ 21. Ne2 Ne7 22. Kg1 Qb5 23. Bd3 Rxc1 24. Bxc1 Qa5 25. b4 Qa4 26. Nc3 Qb3 27. Bxa6 Nd5 28. Nxd5 Qxd5 29.
Qxd5 Rxd5 30. Bc4 Rd8 31. Be3 Rc8 32. Ba6 Rd8 33. Bb7 g6 34. d5 Kg7 35. Kf1 exd5 36. Rxd5 Re8 37. Ke2 Bf4 38. Rd7 Bxe3 39. fxe3 Re5 40.
Bd5 Rf5 41. e4 Rf6 42. e5 Rf5 43. e6 Re5+ 44. Kd3 g5 45. Rxf7+ Kg6 46. Be4+ Kh5 47. e7 Kh4 48. Kd4 Re6 49. Kd5 Rd6+ 50. Kxd6 1-0

[Event "Late-Titled-Tuesday-Blitz-February-13-2024"]
[Site "Chess.com"]
[Date "2024.02.13"]
[Round "1"]
[White "Payyappat"]
[Black "Mariia89"]
[Result "1-0"]
[WhiteElo "2573"]
[BlackElo "2219"]
[TimeControl "180+1"]
[EndTime "14:07:55 PST"]
[Termination "Payyappat won by resignation"]

1. e4 c6 2. d4 d5 3. Nc3 dxe4 4. Nxe4 Nf6 5. Nxf6+ exf6 6. Bc4 Be7 7. Nf3 Bg4 8. Be3 Na6 9. Qd2 Nc7 10. O-O-O Nd5 11. h3 Bh5 12. g4 Bg6 13. Nh4 b5 14. Bb3 a5 15. f4 Be4 16. Rhe1 a4 17. Bxd5 Qxd5 18.
Kb1 b4 19. Ka1 O-O 20. Bf2 Rfe8 21. Re3 Bd6 22. Bg3 a3 23. b3 c5 24. dxc5 Qxd2 25. Rxd2 Bxc5 26. Re1 Red8 27. Red1 Rxd2 28. Rxd2 g6 29.
Kb1 Kg7 30. Bf2 Bxf2 31. Rxf2 Rc8 32. Nf3 Rxc2 33. Rxc2 Bxf3 34. Rc4 Bg2 35. h4 Bh3 36. g5 fxg5 37. hxg5 h6 38. Rxb4 hxg5 39. fxg5 Kf8 40.
Ra4 Ke7 41. Rxa3 Ke6 42. Ra5 Bf5+ 43. Kc1 f6 44. gxf6 Kxf6 45. Kd2 g5 46. Ke3 g4 47.
Kf4 Bd7 48. Ra6+ Ke7 49. a4 Bc8 50. Rg6 Kf7 51. Rg5 Kf6 52. a5 1-0

[Event "Late-Titled-Tuesday-Blitz-February-13-2024"]
[Site "Chess.com"]
[Date "2024.02.13"]
[Round "1"]
[White "DucksParadise"]
[Black "TenisMaster"]
[Result "0-1"]
[WhiteElo "2494"]
[BlackElo "2927"]
[TimeControl "180+1"]
[EndTime "14:07:56 PST"]
[Termination "TenisMaster won on time"]

1. d4 Nf6 2. c4 e6 3. Nf3 d5 4. g3 dxc4 5. Bg2 a6 6. O-O Nc6 7.
Nbd2 Nxd4 8. Nxc4 Nxf3+ 9. Bxf3 Bd6 10. Bg5 O-O 11. Bxf6 gxf6 12. Rc1 Be7 13. Qb3 c6 14. Rfd1 Qc7 15. Nb6 Rb8 16. a4 a5 17. Qe3 Rd8 18. h4 f5 19. h5 Bf6 20. b3 Rxd1+ 21. Rxd1 e5 22. Nxc8 Rxc8 23. Qh6 Qe7 24. g4 e4 25. Bg2 Rd8 26. Rxd8+ Qxd8 27. Qf4 Qd1+ 28. Kh2 Qd5 29. Qxf5 Qxf5 30. gxf5 e3 31. fxe3 Kf8 32. Kg3 Ke7 33. Kf4 Kd6 34. e4 h6 35. e5+ Bxe5+ 36. Ke4 f6 37. Kd3 Kc5 38. Kc2 Kd4 39. Bf3 Ke3 40. Bg2 Kf4 41. e4 Kg4 42. Kd2 Kxh5 43. Ke3 Kg4 44. Bf3+ Kg3 45. Bh5 Kh4 46. Be2 h5 47. Kf3 Kh3 48. Bf1+ Kh2 49. Kf2 h4 50. Be2 Bd4+ 51. Kf3 Kg1 52. Kg4 Bf2 0-1

[Event "Late-Titled-Tuesday-Blitz-February-13-2024"]
[Site "Chess.com"]
[Date "2024.02.13"]
[Round "1"]
[White "hmatyi07"]
[Black "crazy_but_lazy"]
[Result "1-0"]
[WhiteElo "2253"]
[BlackElo "2572"]
[TimeControl "180+1"]
[EndTime "14:07:56 PST"]
[Termination "hmatyi07 won on time"]

1. d4 d5 2. c4 e6 3. Nc3 a6 4.
cxd5 exd5 5. Bf4 c6 6. e3 Bd6 7. Bxd6 Qxd6 8. Bd3 Ne7 9. Qc2 g6 10. Nge2 Bf5 11. O-O O-O 12. Ng3 Bxd3 13. Qxd3 Nd7 14. Rad1 Rad8 15. f3 c5 16. dxc5 Nxc5 17. Qd4 Nc6 18.
Qd2 d4 19. Nce4 Nxe4 20. Nxe4 Qe7 21. exd4 Nxd4 22. Qf2 Ne6 23. Rfe1 Rxd1 24. Rxd1 Rc8 25. Qg3 Nc5 26. Nc3 Qe3+ 27. Qf2 Qxf2+ 28. Kxf2 Ne6 29. Rd2 b5 30. g3 Kg7 31. Ne4 h5 32. b3 Rc7 33. f4 a5 34. Ke3 a4 35. bxa4 bxa4 36.
Ng5 Nxg5 37. fxg5 Rc5 38. h4 Rc3+ 39. Kf4 Ra3 40. Rb2 Kf8 41. Rc2 Ke7 42. Rd2 Ke6 43. Re2+ Kd6 44. Rc2 Rd3 45. Rb2 1-0

[Event "Late-Titled-Tuesday-Blitz-February-13-2024"]
[Site "Chess.com"]
[Date "2024.02.13"]
[Round "1"]
[White "titomagno_64"]
[Black "Bilan_Danila"]
[Result "1/2-1/2"]
[WhiteElo "2206"]
[BlackElo "2554"]
[TimeControl "180+1"]
[EndTime "14:07:56 PST"]
[Termination "Game drawn by repetition"]

1. e4 c6 2. d4 d5 3. e5 c5 4. Nf3 Nc6 5. dxc5 Bg4 6. c3 e6 7.
Be3 Nge7 8. Bb5 Nf5 9. Bd4 Nh4 10.
Rg1 Bxf3 11. gxf3 g6 12. f4 Be7 13. Nd2 O-O 14. Bxc6 bxc6 15. Nf3 Nf5 16. Ng5 a5 17.
Qg4 a4 18. Qh3 Bxg5 19. fxg5 a3 20. b4 Nxd4 21. cxd4 Ra4 22. Rb1 Qb8 23. Qb3 Qb5 24. Rg3 Rb8 25. Kd2 Qa6 26. Qc3 Rb5 27. Rb3 Qb7 28.
h4 Rbxb4 29. Rxb4 Rxb4 30. Qxa3 Rxd4+ 31. Rd3 Rxd3+ 32. Kxd3 Qb5+ 33. Kd2 Qc4 34. Qa8+ Kg7 35. Qxc6 Qd4+ 36. Ke2 Qxe5+ 37. Kf1 Qa1+ 38. Kg2 Qxa2 39. Qd6 Qc4 40. c6 Qe4+ 41. Kf1 Qd3+ 42. Ke1 Qb1+ 43. Ke2 Qc2+ 44. Kf1 Qc4+ 45. Kg2 Qg4+ 46. Kf1 Qd1+ 47.
Kg2 Qg4+ 48. Kf1 Qd1+ 49. Kg2 Qg4+ 1/2-1/2

[Event "Late-Titled-Tuesday-Blitz-February-13-2024"]
[Site "Chess.com"]
[Date "2024.02.13"]
[Round "1"]
[White "platy3"]
[Black "WindWhistler11"]
[Result "1-0"]
[WhiteElo "2931"]
[BlackElo "2495"]
[TimeControl "180+1"]
[EndTime "14:07:58 PST"]
[Termination "platy3 won on time"]

1. e4 e6 2. d4 d5 3. Nc3 Bb4 4. Ne2 Ne7 5. e5 Nbc6 6. a3 Ba5 7. b4 Bb6 8. Bb2 Nf5 9. Na4 f6 10. Nxb6 axb6 11. Ng3 Nxg3 12. hxg3 f5 13. g4 Qg5 14.
gxf5 exf5 15. Bc1 Qg4 16. c3 Qxd1+ 17. Kxd1 Be6 18. Bd3 Ne7 19. a4 Kf7 20. b5 h6 21.
Kc2 g5 22. Kb3 f4 23. Ba3 Nf5 24. Rh2 Nh4 25. Rah1 Bf5 26. Rxh4 Bxd3 27. Rxh6 Bc4+ 28. Kb4 Kg7 29. Rxh8 Rxh8 30. Rxh8 Kxh8 31. a5 Kg7 32. Ka4 Kf7 33. axb6 cxb6 34. Bd6 Ke6 35. Bc7 g4 36. g3 fxg3 37. fxg3 Bd3 38. Bxb6 Bc2+ 39. Ka5 Bd3 40. Bc5 Kf5 41. Kb6 Ke6 42. Bb4 Bc4 43.
Ba3 Bd3 44. Kc5 Be2 45. Kb6 Bc4 46. Bc1 Be2 47. Bg5 Bc4 48. Ka7 Bxb5 49. Kxb7 Bc4 50. Kc7 Be2 51. Kd8 Bd3 52. Ke8 Be2 53. Kf8 Bd3 54.
Kg7 Be4 55. Bd2 1-0

[Event "Late-Titled-Tuesday-Blitz-February-13-2024"]
[Site "Chess.com"]
[Date "2024.02.13"]
[Round "1"]
[White "Chessraf-com"]
[Black "Zavgorodniy_Sergiy"]
[Result "1-0"]
[WhiteElo "2353"]
[BlackElo "2658"]
[TimeControl "180+1"]
[EndTime "14:07:58 PST"]
[Termination "Chessraf-com won by checkmate"]

1. Nf3 d5 2. g3 Nf6 3. Bg2 e6 4. O-O Be7 5. d3 O-O 6. Nbd2 c5 7. e4 Nc6 8. e5 Nd7 9. Re1 Qc7 10. Qe2 b5 11. h4 Bb7 12. Nf1 Rfc8 13. N1h2 Qd8 14.
h5 h6 15. Ng4 Qf8 16. Bf4 a5 17. a3 a4 18. c3 Kh7 19. Rad1 b4 20. c4 bxa3 21. bxa3 Nb6 22. Qc2 Kh8 23. Rb1 Ra6 24. cxd5 exd5 25. e6 fxe6 26. Rxe6 Nd4 27. Nxd4 cxd4 28.
Qe2 Bc5 29. Bxh6 Bc6 30. Ne5 Be8 31. Bg5 Qf5 32. f4 Ra7 33. Ng6+ Bxg6 34. hxg6 Kg8 35. Re1 Nd7 36. Re8+ Rxe8 37. Qxe8+ Nf8 38. Re5 Qxg6 39.
Bxd5+ Kh7 40. Be4 Rb7 41. Bxg6+ Nxg6 42. Qc8 Rb1+ 43. Kg2 Rb2+ 44. Kh3 Bd6 45. Re8 Rb1 46. f5 Rh1+ 47. Kg4 Ne5+ 48. Rxe5 Bxe5 49. Qe6 Bc7 50.
Qg6+ Kh8 51. f6 Rh7 52. f7 Bd6 53. Qxd6 Rh4+ 54. gxh4 Kh7 55. h5 g6 56. Qxg6+ Kh8 57. f8=Q# 1-0

[Event "Late-Titled-Tuesday-Blitz-February-13-2024"]
[Site "Chess.com"]
[Date "2024.02.13"]
[Round "1"]
[White "JG-17"]
[Black "Beca95"]
[Result "0-1"]
[WhiteElo "2481"]
[BlackElo "2902"]
[TimeControl "180+1"]
[EndTime "14:07:59 PST"]
[Termination "Beca95 won by resignation"]

1. Nf3 c5 2. b3 d6 3. Bb2 e5 4.
d3 f5 5. g3 Nc6 6. Bg2 g5 7.
e4 f4 8. gxf4 gxf4 9. Nbd2 Nge7 10. Qe2 Bg4 11. h3 Bh5 12. O-O-O Ng6 13. h4 b5 14. Bh3 Nd4 15. Bxd4 cxd4 16. Rdg1 Qa5 17. Kb1 Be7 18. Bg4 Bxg4 19. Rxg4 Qc3 20. h5 d5 21. Nc4 bxc4 22. Qe1 Qxe1+ 23. Rxe1 Nf8 24. exd5 cxd3 25. cxd3 Nd7 26. Nxe5 Nxe5 27. Rxe5 Kd7 28. Rg7 Rae8 29. Re4 Kd8 30. Rxf4 Rhf8 31. Rxf8 Rxf8 32. Rxh7 Rxf2 33. Rh8+ Kd7 34. h6 Rh2 35. h7 Kd6 36. a4 Kxd5 37. b4 Ke6 38. a5 Kf7 39. b5 Rh5 40. b6 axb6 41. a6 Kg7 42. a7 Rb5+ 43. Kc2 Rc5+ 44.
Kd2 Bg5+ 45. Kd1 Kxh8 46. a8=Q+ Kxh7 47. Qb7+ Kg8 48. Qxb6 Rf5 49. Qe6+ Rf7 50. Qe4 Bf6 51.
Qg6+ Bg7 52. Qe4 Rf6 53. Kc2 Kf7 54. Kb3 Re6 55. Kc4 Rxe4 56. dxe4 Ke6 57. Kd3 Ke5 58.
Ke2 Kxe4 59. Kd2 d3 0-1

[Event "Late-Titled-Tuesday-Blitz-February-13-2024"]
[Site "Chess.com"]
[Date "2024.02.13"]
[Round "1"]
[White "Jahonas"]
[Black "CarlosjPineror"]
[Result "0-1"]
[WhiteElo "2367"]
[BlackElo "2700"]
[TimeControl "180+1"]
[EndTime "14:07:59 PST"]
[Termination "CarlosjPineror won by resignation"]

1. d4 Nf6 2. c4 e6 3. Nf3 Bb4+ 4.
Bd2 Qe7 5. g3 O-O 6. Bg2 Bxd2+ 7. Qxd2 d6 8. O-O Re8 9. Nc3 e5 10. dxe5 dxe5 11. Ng5 c6 12. Nge4 Rd8 13. Nxf6+ Qxf6 14. Qe3 Bf5 15. Rad1 Nd7 16. Ne4 Bxe4 17. Bxe4 g6 18.
b3 Qe7 19. Rd2 Nf6 20. Rfd1 Rxd2 21. Rxd2 Rd8 22. Bf3 Rxd2 23. Qxd2 e4 24. Bg2 e3 25. fxe3 Ng4 26. Bf3 Nxe3 27. Kf2 Nf5 28. e3 h5 29. b4 Kg7 30. e4 Nd6 31. Qd4+ Kg8 32. a3 b6 33. e5 Nf5 34. Qe4 c5 35. b5 Qd8 36. Qd5 Qg5 37. e6 Qe3+ 38. Kg2 Qxe6 39. Qxe6 fxe6 40. Be4 Kg7 41. Kf3 Kf6 42. Ke2 Ke5 43.
Kd3 g5 44. a4 h4 45. gxh4 gxh4 46. Bf3 Nd4 47. Bg4 Nf5 48. Bh3 Ne7 49. Bg4 Ng6 50. Ke3 Nf4 51. Bd1 Ng6 52. Be2 Ne7 53. Bd1 Nf5+ 54. Kd3 Kf4 55. h3 e5 56. Bg4 e4+ 57.
Ke2 Nd4+ 58. Kd2 Nf3+ 59. Ke2 Ne5 60. Be6 Nd3 61. Bg4 Nb2 62. Kd2 Nxc4+ 63. Kc3 Ne5 64. Be6 e3 65. a5 bxa5 66. Bg4 0-1